 Dungeon Crawl Stone Soup version 0.27-a0-1232-gc6a4cbde82 (webtiles) character file.

Game seed: 16882093740298632020

43 patchburns1 the Skirmisher (level 3, -9/30 HPs)
             Began as a Djinni Fighter on June 8, 2021.
             Mangled by a kobold
             ... wielding a +0 short sword of electrocution
              (14 damage)
             ... on level 2 of the Dungeon.
             The game lasted 00:07:28 (1143 turns).

patchburns1 the Skirmisher (Djinni Fighter)         Turns: 1143, Time: 00:07:28

Health: -9/30      AC: 12    Str: 15    XL:     3   Next: 82%
Gold:   69         EV:  2    Int: 10    God:
                   SH:  8    Dex: 12

rFire    + + .     SeeInvis .   l - +0 dagger (venom)
rCold    x . .     Faith    .   c - +0 kite shield
rNeg     . . .     Spirit   .   m - +0 plate armour
rPois    ∞         Reflect  .   n - +0 helmet
rElec    .         Harm     .   (no cloak)
rCorr    .         Rampage  .   (no gloves)
Will     .....                  (boots unavailable)
Stlth    ..........             (no amulet)
HPRegen  0.10/turn              (no ring)
MPRegen  0.00/turn              (no ring)

@: flying
A: sickness immunity, fire resistance 2, cold vulnerability 1, float, innate
caster, hp casting, extra vitality 1
a: no special abilities


You were on level 2 of the Dungeon.
You visited 1 branch of the dungeon, and saw 2 of its levels.

You collected 69 gold pieces.

Inventory:

Hand Weapons
 a - a +0 long sword
 i - a +3 dagger
 l - a +0 dagger of venom (weapon)
Missiles
 k - 28 stones (quivered)
Armour
 b - a +0 scale mail
 c - a +0 kite shield (worn)
 j - a +0 robe
 m - a +0 plate armour (worn)
 n - a +0 helmet (worn)
Scrolls
 g - a scroll of teleportation {unknown}
 h - 2 scrolls of acquirement {unknown}
Potions
 d - a potion of might
 e - a potion of ambrosia {unknown}
 f - a potion of flight {unknown}


   Skills:
 * Level 3.3 Fighting
 + Level 2.0 Long Blades
 + Level 3.1 Armour
 + Level 1.0 Dodging
 + Level 0.5 Stealth
 + Level 3.1 Shields
 * Level 0.8 Spellcasting


You had 2 spell levels left.
You knew the following spells:

 Your Spells              Type           Power      Damage    Failure   Level
a - Sting                 Tmut/Pois      8%         1d3       100%        1
Your spell library was empty.


Dungeon Overview and Level Annotations

Branches:
Dungeon (2/15)

Altars:
Elyvilon


Innate Abilities, Weirdness & Mutations

You are immune to sickness and miasma.
You are immune to poison.
Your flesh is very heat resistant. (rF++)
You are vulnerable to cold. (rC-)
You float through the air rather than walking.
You learn spells naturally, not from books.
Your magical power is your life essence.
You have superior vitality. (+4 HP)


Message History

The kobold shouts!
The kobold throws a stone.
You block the stone.
You see here a scroll labelled EBUADA WOXYSHROLO.
The kobold throws a stone.
The stone barely misses you.
The kobold throws a stone.
You block the stone. You block the kobold's attack.
You barely miss the kobold.
The kobold hits you but does no damage. x2
You closely miss the kobold. You block the kobold's attack.
You hit the kobold.
The kobold is severely wounded.
You block the kobold's attack.
You closely miss the kobold.
The kobold is severely wounded.
You block the kobold's attack.
Your plate armour prevents you from hitting the kobold.
The kobold is severely wounded.
The kobold hits you but does no damage.
You closely miss the kobold.
The kobold is severely wounded.
You block the kobold's attack.
You hit the kobold but do no damage.
The kobold is poisoned.
The kobold is severely wounded.
You kill the kobold!
h - 2 scrolls labelled EBUADA WOXYSHROLO (gained 1)
Found a brown potion.
A kobold comes into view.
It is wielding a +0 short sword of electrocution.
The kobold shouts!
Your plate armour prevents you from hitting the kobold.
The kobold hits you with a +0 short sword of electrocution.
You are electrocuted!!
Ouch! That really hurt!
* * * LOW HITPOINT WARNING * * *
You hit the kobold.
The kobold is severely wounded.
The kobold hits you with a +0 short sword of electrocution.
* * * LOW HITPOINT WARNING * * *
You closely miss the kobold.
The kobold is severely wounded.
The kobold hits you but does no damage.
You are electrocuted!
You die...

.. ............ ...
..# ..##........ ...
.. .............
##.###.. .....##......
...... #.##.##......
..... #.##.##......
#.#.####.##.#.......
#.#K..........##.###
#.#@#.........##....
#...#.......#.....#.
#....##......###...###
###.!###......#..#..#.
..## #...>..........
.#. ####..##........
.### #...............
## #.......#..#..#.
#......###...###


You could see a kobold.

Vanquished Creatures
  An adder (D:2)
  A dart slug (D:1)
  3 endoplasms (D:1)
  A giant cockroach (D:1)
  3 goblins
  2 hobgoblins (D:1)
  7 jackals (D:1)
  A kobold (D:2)
  2 quokkas (D:1)
  2 ball pythons
  A bat (D:1)
  3 frilled lizards (D:1)
  A rat (D:1)
28 creatures vanquished.

Notes
Turn   | Place    | Note
-------+----------+-------------------------------------------
     0 | D:1      | patchburns1 the Djinni Fighter began the quest for the Orb.
     0 | D:1      | Reached XP level 1. HP: 20/20 MP: 0/0
   192 | D:1      | Reached XP level 2. HP: 25/25 MP: 0/0
   577 | D:1      | Reached XP level 3. HP: 26/30 MP: 0/0
   577 | D:1      | Learned a level 1 spell: Sting
   814 | D:1      | Found a faded altar of an unknown god.
  1037 | D:2      | Found a white marble altar of Elyvilon.
  1104 | D:2      | Reached skill level 1 in Dodging
  1143 | D:2      | Mangled by a kobold

Illustrated notes

Levels and vault maps discovered:
D:1:      arrival_zaba_pyramid, layout_basic,
          shapermc_ecumenical_altar_starsandcircs
D:2:      layout_rooms, basic_altar, corexii_item_surrounded_by_moat,
          chequers_serial_rivers_large_b, minmay_strange_pillars

Skill      XL: |  1  2  3 |
---------------+----------+-----
Long Blades    | 2 |  2.0
Dodging        | 1 |  1.0
Fighting       | |  3.3
Armour         | |  3.1
Stealth        | |  0.5
Shields        | |  3.1
Spellcasting   | |  0.8

Action                   || total
-------------------------++-------
Melee: Long sword        ||    56
       Dagger            ||    23
Armor: Scale mail        ||    31
       Plate armour      ||    12
Dodge: Dodged            ||    22
Block: Kite shield       ||    41
       Rpst.: Long sword ||    10

Table legend: (Time is in decaauts)
 A = Elapsed time spent in this place.
 B = Non-inter-level travel time spent in this place.
 C = Inter-level travel time spent in this place.
 D = Time resting spent in this place.
 E = Time spent auto-exploring this place.
 F = Levels seen in this place.
 G = Mean time per level.
                   A        B        C        D        E       F      G
               +--------+--------+--------+--------+--------+-----+--------+
         Total |   1176 |   1176 |      0 |    218 |    371 |   2 |  588.0 |
       Dungeon |   1176 |   1176 |      0 |    218 |    371 |   2 |  588.0 |
               +--------+--------+--------+--------+--------+-----+--------+

Top non-repeatable levels by time:
     D:1: 1067 daAuts
     D:2: 109 daAuts
